AoeStats
← Galactimus

Arabia

506314355Analyzed
1v1 RM · 19d ago on Sep 13, 2026· 51m 35s· 2 players
Game mode
Random Map
Map size
Tiny (2 player)
Population
200
Speed
Normal
Resources
Standard
Victory
Conquest
Starting age
Dark Age
Ending age
Imperial Age
RankedLock teamsTeams togetherTeam positionsShared explorationLock speedFull tech treeHidden civsTurbo modeCheats
Victory
Defeat
🇫🇷 Khmer · France
826
+39
🇲🇽 Saracens · Mexico
795
-15
Galactimus
0:48 Loom
11:10 Feudal Age
15:25 Man-at-Arms
19:23 Double-Bit Axe
19:38 Arson
23:06 Castle Age
21:23 Forging
21:05 Fishing Lines
24:49 Gillnets
24:39 Long Swordsman
25:20 Pikeman
27:56 Iron Casting
27:10 Crossbowman
29:18 Thumb Ring
33:03 Stone Mining
33:13 Gambesons
33:29 Scale Mail Armor
34:39 Squires
35:23 Wheelbarrow
34:52 Fletching
36:15 Town Watch
38:49 Town Patrol
39:21 Gold Mining
39:24 Horse Collar
44:13 Gold Shaft Mining
43:55 Hand Cart
48:17 Bodkin Arrow
48:23 Padded Archer Armor
48:47 Ballistics
50:03 Leather Archer Armor
*****_predator
18:22 Feudal Age
19:16 Double-Bit Axe
20:38 Man-at-Arms
21:36 Bloodlines
22:03 Forging
22:11 Scale Barding Armor
23:37 Scale Mail Armor
24:41 Wheelbarrow
28:08 Castle Age
25:56 Horse Collar
28:55 Long Swordsman
28:55 Pikeman
30:15 Iron Casting
32:39 Hand Cart
34:21 Chain Mail Armor
34:09 Husbandry
35:10 Padded Archer Armor
38:23 Town Watch
38:04 Elite Skirmisher
39:08 Chain Barding Armor
40:35 Ballistics
40:06 Heated Shot
40:26 Fletching
40:45 Town Patrol
41:33 Tusk Swords
43:30 Bodkin Arrow
43:50 Leather Archer Armor
44:16 Fortified Wall
44:03 Murder Holes
46:52 Imperial Age
48:45 Blast Furnace
47:46 Herbal Medicine
48:59 Theocracy
49:03 Parthian Tactics
48:42 Gold Mining
48:43 Stone Mining
48:59 Heavy Plow
50:31 Chemistry
49:42 Masonry
51:09 Gold Shaft Mining
51:10 Stone Shaft Mining
50:40 Bracer
Connection lost

Rejoining the realm…

Still unreachable

The connection could not be restored.

Session expired

The server has moved on; the page needs a fresh start.